 Dungeon Crawl Stone Soup version 0.20-a0-924-gfa95efa (webtiles) character file.

153 ChocoNymphy the Sneak (level 5, 0/46 HPs)
             Began as a Naga Assassin on Mar 28, 2017.
             Succumbed to an orc priest's poison
             ... on level 3 of the Dungeon.
             The game lasted 00:08:32 (2836 turns).

ChocoNymphy the Sneak (Naga Assassin)               Turns: 2836, Time: 00:08:33

Health: 0/46       AC:  4    Str: 14    XL:     5   Next: 35%
Magic:  5/5        EV: 10    Int: 11    God:
Gold:   89         SH:  0    Dex: 13    Spells: 4/4 levels left

rFire    . . .     SeeInvis +   a - +2 dagger
rCold    . . .     Gourm    .   (no shield)
rNeg     . . .     Faith    .   c - +0 robe
rPois    +         Spirit   .   v - +0 helmet
rElec    .         Reflect  .   d - +0 cloak
rCorr    .         Harm     .   (no gloves)
MR       .....                  (no barding)
Stlth    ++++......             (no amulet)
Regen    0.2/turn               (no ring)
MPRegen  0.1/turn               (no ring)

@: lethally poisoned (0 -> -4), very slow
A: see invisible, deformed body, poison resistance, slowness 2, slow metabolism
1, spit poison 1, AC +1
a: Spit Poison


You were on level 3 of the Dungeon.
You were near starving.

You visited 1 branch of the dungeon, and saw 3 of its levels.

You collected 89 gold pieces.

Inventory:

Hand Weapons
 a - a +2 dagger (weapon)
 b - a +0 blowgun
 q - a +1 dagger of protection
 r - a +0 hunting sling
Missiles
 e - 8 poisoned needles
 f - 2 curare-tipped needles
 u - 3 sling bullets
Armour
 c - a +0 robe (worn)
 d - a +0 cloak (worn)
 v - a +0 helmet (worn)
Jewellery
 h - an uncursed ring of protection from fire {unknown}
 m - a cursed ring of ice {unknown}
Scrolls
 i - a scroll of teleportation
 l - a scroll of fear {unknown}
 n - 6 scrolls of remove curse {unknown}
 p - a scroll of amnesia {unknown}
 s - 2 scrolls of identify {unknown}
Potions
 j - a potion of flight
 k - a potion of haste
Comestibles
 g - 2 bread rations
 o - 3 meat rations


   Skills:
 + Level 2.6 Fighting
 + Level 3.1 Short Blades
 + Level 1.7 Throwing
 + Level 1.9 Dodging
 + Level 7.7 Stealth


You had 4 spell levels left.
You didn't know any spells.

Dungeon Overview and Level Annotations

Branches:
Dungeon (3/15)

Altars:
Fedhas

Annotations:
D:2 Terence


Innate Abilities, Weirdness & Mutations

You cannot wear boots.
Your serpentine skin is tough. (AC +1)
You have supernaturally acute eyesight. (SInv)
Armour fits poorly on your strangely shaped body.
Your system is resistant to poisons. (rPois)
You cover ground very slowly.
You have a slow metabolism.
You can spit poison.


Message History

The orc priest looks satisfied for a moment.
You hit the orc.
You kill the orc!
You hit the orc.
The orc is heavily wounded.
You feel sick. The orc hits you with a mace.
You barely miss the orc.
The orc is heavily wounded.
The orc priest calls down the wrath of Beogh upon you.
Beogh smites you!
* * * LOW HITPOINT WARNING * * *
The orc closely misses you.
As you read the scroll of teleportation, it crumbles to dust.
You feel strangely unstable.
* * * LOW HITPOINT WARNING * * *
You feel sick.
* * * LOW HITPOINT WARNING * * *
You feel sick. The orc completely misses you.
Your surroundings suddenly seem different.
You die...

#.............##...+
..
#..................#
..
#####..............###
.. #.)...............
.. #..............# .
#..............#
#...........####
#...........#
#......@....#
#########...# #......
####.... ...... ####+#


There were no monsters in sight!

Vanquished Creatures
  An orc wizard (D:3)
  Robin (D:2)
  4 adders
  An ooze (D:3)
  2 dart slugs (D:1)
  2 leopard geckos
  4 orcs (D:3)
  A ball python (D:2)
  A giant cockroach (D:2)
  10 goblins
  9 hobgoblins
  4 jackals (D:1)
  A quokka (D:2)
  7 bats
  4 frilled lizards
  A jackal zombie (D:1)
  7 kobolds
  A leopard gecko zombie (D:1)
  7 rats
68 creatures vanquished.

Notes
Turn   | Place    | Note
-------+----------+-------------------------------------------
     0 | D:1      | ChocoNymphy the Naga Assassin began the quest for the Orb.
     0 | D:1      | Reached XP level 1. HP: 19/19 MP: 1/1
   106 | D:1      | Reached skill level 6 in Stealth
   386 | D:1      | Reached XP level 2. HP: 24/26 MP: 2/2
   779 | D:1      | Reached skill level 1 in Dodging
   884 | D:1      | Reached XP level 3. HP: 21/32 MP: 3/3
  1098 | D:1      | Reached skill level 7 in Stealth
  1234 | D:2      | Noticed Robin
  1567 | D:2      | Killed Robin
  1776 | D:2      | Found a blossoming altar of Fedhas.
  1823 | D:2      | Reached XP level 4. HP: 32/39 MP: 4/4
  1911 | D:2      | Noticed Terence
  2374 | D:2      | You fall through a shaft!
  2557 | D:3      | Reached XP level 5. HP: 31/46 MP: 5/5
  2834 | D:3      | HP: 2/46 [poisoned by an orc priest]
  2836 | D:3      | Succumbed to an orc priest's poison

Vault maps used:
D:1:      saegor_arrival_fortress, minivault_26
D:2:      lemuel_doored_altar, first_bread, uniq_robin, uniq_terence
D:3:      grunt_dithmenos_smoke, chequers_ecumenical_altar_lobes

Skill      XL: |  1  2  3  4 |
---------------+-------------+-----
Stealth        | 6 7 |  7.7
Dodging        | 1 |  1.9
Short Blades   | 3 |  3.1
Fighting       | |  2.6
Throwing       | |  1.7

Action                   |  1- 3 |  4- 6 || total
-------------------------+-------+-------++-------
Melee: Dagger            |   162 |   126 ||   288
  Use: Potion            |       |     8 ||     8
       Scroll            |       |     2 ||     2
 Stab: Sleeping          |     6 |     8 ||    14
  Eat: Chunk             |     2 |     1 ||     3
Armor: Robe              |    47 |    29 ||    76
Dodge: Dodged            |    92 |    52 ||   144
